 Dungeon Crawl Stone Soup version 0.26-a0-1086-g9010512d90 (webtiles) character file.

Game seed: 8708111855146583864

1508 wythoutpain the Digger (level 8, -7/44 HPs)
             Began as a Gargoyle Earth Elementalist on Dec 14, 2020.
             Mangled by Sweeb's ghost (13 damage)
             ... on level 5 of the Dungeon.
             The game lasted 01:06:40 (5535 turns).

wythoutpain the Digger (GrEE)                       Turns: 5535, Time: 01:06:41

Health: -7/44      AC:  9    Str: 12    XL:     8   Next: 82%
Magic:  8/15       EV: 18    Int: 18    God:
Gold:   252        SH:  0    Dex: 10    Spells: 11/17 levels left

rFire    . . .     SeeInvis .   p - +3 flail (drain)
rCold    . . .     Faith    .   (no shield)
rNeg     + . .     Spirit   .   c - +0 robe
rPois    ∞         Reflect  .   s - +0 helmet
rElec    +         Harm     .   t - +0 cloak
rCorr    .         Rampage  .   (no gloves)
Will     .....                  (no boots)
Stlth    ++........             d - amulet of regeneration
HPRegen  0.54/turn              (no ring)
MPRegen  0.14/turn              (no ring)

@: agile
A: negative energy resistance 1, electricity resistance, unbreathing,
petrification resistance, miasma immunity, AC +5
a: no special abilities


You were on level 5 of the Dungeon.
You visited 1 branch of the dungeon, and saw 5 of its levels.

You collected 252 gold pieces.

Inventory:

Hand Weapons
 a - a +0 mace
 p - a +3 flail of draining (weapon)
 x - a +2 hand axe of freezing
Missiles
 b - 192 stones
 l - 21 poisoned darts
 n - 12 boomerangs
Armour
 c - a +0 robe (worn)
 g - a scarf of harm
 s - a +0 helmet (worn)
 t - a +0 cloak (worn)
 y - a scarf of repulsion
Jewellery
 d - an amulet of regeneration (around neck)
 v - an uncursed ring of stealth
Scrolls
 i - 4 scrolls of identify
 j - a scroll of enchant weapon
 m - 2 scrolls of teleportation
 u - a scroll of fear {unknown}
 w - 2 scrolls of remove curse {unknown}
Potions
 e - 3 potions of flight
 f - 4 potions of curing {unknown}
 h - 4 potions of lignification {unknown}
 k - a potion of haste {unknown}
 o - 2 potions of ambrosia {unknown}
 q - a potion of berserk rage {unknown}
 z - 2 potions of invisibility {unknown}


   Skills:
 + Level 2.2 Fighting
 + Level 4.2 Maces & Flails
 + Level 3.3 Dodging
 * Level 4.6 Stealth
 - Level 0.4 Unarmed Combat
 + Level 5.1 Spellcasting
 * Level 2.9 Conjurations
 + Level 0.7 Transmutations
 + Level 7.1 Earth Magic


You had 11 spell levels left.
You knew the following spells:

 Your Spells              Type           Power        Failure   Level
a - Sandblast             Erth           ####..       1%          1
b - Passwall              Tmut/Erth      ###.....     4%          2
c - Stone Arrow           Conj/Erth      ###...       4%          3

Your spell library contained the following spells:

 Spells                   Type           Power        Failure   Level
 Summon Small Mammal      Summ           #...         13%         1
 Lee's Rapid Deconstruct  Erth           ####......   19%         5
 Call Imp                 Summ           #.......     21%         2
 Petrify                  Tmut/Erth      ###.....     26%         4
 Call Canine Familiar     Summ           #.......     36%         3
 Summon Guardian Golem    Hex/Summ       #.......     36%         3
 Summon Ice Beast         Ice/Summ       #.......     78%         4
 Summon Lightning Spire   Summ/Air       #.......     78%         4


Dungeon Overview and Level Annotations

Branches:
Dungeon (5/15)
 Temple: D:4-7

Altars:
Dithmenos

Annotations:
D:5 Sweeb's ghost, novice OpGl


Innate Abilities, Weirdness & Mutations

You are resistant to torment.
Your stone body is resilient. (AC +5)
You are immune to poison.
You resist negative energy. (rN+)
You are resistant to electric shocks. (rElec)
You can survive without breathing.
You are immune to petrification.
You are immune to miasma.


Message History

Aiming: Stone Arrow (dangerous; 4% risk of failure)
Press: ? - help, Q - select action, (/) - cycle Shift-Dir - straight line, f - gnoll, p - gnoll sergeant
Aim: a gnoll, wielding a +0 flail (25% to evade)
The stone arrow misses the gnoll.
The gnoll sergeant hits you but does no damage.
You feel more agile all of a sudden. Sweeb's ghost hits you!
The gnoll sergeant misses you.
Drop what? 25/52 slots (_ for help) (? for menu, Esc to quit)
Okay, then.
Aiming: Sandblast (safe; 1% risk of failure)
Press: ? - help, Q - select action, (/) - cycle Shift-Dir - straight line, f/p - gnoll
Aim: a gnoll, wielding a +0 flail (16% to evade)
The blast of sand hits the gnoll!
You kill the gnoll!
The gnoll sergeant hits you from afar with a +2 spear of chaos!
* * * LOW HITPOINT WARNING * * *
Space bends around you.
* * * LOW HITPOINT WARNING * * *
Sweeb's ghost hits you!
You die...

..# #.≈≈..#.#...#.#......# ###
###.≈≈.©#.'g©)'.#©.....# #
#...≈≈..#.#8⌠8#.#......# #
#.#.≈≈.##.#####.##.≈≈..#
######...≈≈.#..#.:.#g.#.≈≈..#
.........≈≈.##.#...#.##.≈≈..#
...###...≈≈..#.#...#.#..≈≈..#
.#.# #...≈≈###.##'##g###≈≈..#
...###...≈≈#...g@Wggg..#≈≈..#
.........≈≈##.###.###.##≈≈..#
#........≈≈#Wg#8###8#..#≈≈..#
.........≈≈####.....####≈≈..##
...###...≈≈≈≈≈≈≈≈≈≈≈≈≈≈≈≈≈...#
#..# #...≈≈≈≈≈≈≈≈≈≈≈≈≈≈≈≈≈.#.#
..## #.....................#.#
..# ##[........#########.##.#
.######.##.####.#.....#
#....##


You could see 3 gnoll sergeants, a gnoll shaman, Sweeb's ghost and a gnoll.

Vanquished Creatures
  Grinder (D:3)
  Sigmund (D:5)
  Duvessa (D:4)
  A centaur (D:5)
  2 ogres (D:5)
  A big kobold (D:4)
  Dowan (D:4)
  2 howler monkeys
  2 orc priests
  A quasit (D:5)
  Terence (D:2)
  An iguana (D:4)
  An orc wizard (D:4)
  A worker ant (D:4)
  A hound skeleton (D:5)
  Robin (D:3)
  14 adders
  12 gnolls
  5 oozes
  An adder zombie (D:4)
  3 worms
  4 dart slugs
  2 leopard geckos
  12 orcs
  6 giant cockroaches
  16 goblins
  14 hobgoblins
  2 jackals (D:1)
  4 quokkas
  4 ball pythons
  3 bats
  7 frilled lizards
  6 kobolds
  8 rats
  A toadstool (D:1)
143 creatures vanquished.

Vanquished Creatures (others)
  8 plants
  3 toadstools (D:1)
11 creatures vanquished.

Grand Total: 154 creatures vanquished

Notes
Turn   | Place    | Note
-------+----------+-------------------------------------------
     0 | D:1      | wythoutpain the Gargoyle Earth Elementalist began the quest
                  | for the Orb.
     0 | D:1      | Reached XP level 1. HP: 10/10 MP: 3/3
   382 | D:1      | Reached skill level 4 in Earth Magic
   382 | D:1      | Reached XP level 2. HP: 15/15 MP: 1/5
   439 | D:1      | Learned a level 2 spell: Passwall
  1274 | D:2      | Reached XP level 3. HP: 19/20 MP: 3/6
  1529 | D:2      | Found a faded altar of an unknown god.
  1562 | D:2      | Reached XP level 4. HP: 19/24 MP: 1/7
  1825 | D:2      | Noticed Terence
  1832 | D:2      | Learned a level 3 spell: Stone Arrow
  1921 | D:2      | Killed Terence
  1922 | D:2      | Reached skill level 5 in Earth Magic
  2041 | D:2      | Reached skill level 1 in Maces & Flails
  2226 | D:3      | Reached XP level 5. HP: 28/28 MP: 9/9
  2387 | D:3      | Reached skill level 1 in Fighting
  2671 | D:3      | Noticed Robin
  2707 | D:3      | Killed Robin
  2811 | D:3      | Reached XP level 6. HP: 32/34 MP: 11/11
  3102 | D:3      | Noticed Grinder
  3117 | D:3      | Paralysed by Grinder for 4 turns
  3125 | D:3      | Killed Grinder
  3126 | D:3      | Reached XP level 7. HP: 35/39 MP: 6/12
  3652 | D:4      | Reached skill level 1 in Conjurations
  3711 | D:4      | Noticed Duvessa
  3716 | D:4      | Noticed Dowan
  3729 | D:4      | Killed Dowan
  3733 | D:4      | Killed Duvessa
  3898 | D:4      | Reached skill level 6 in Earth Magic
  4048 | D:4      | Reached XP level 8. HP: 44/44 MP: 12/14
  4319 | D:5      | Entered Level 5 of the Dungeon
  4394 | D:5      | Found a shadowy altar of Dithmenos.
  4604 | D:5      | Found a transporter.
  4661 | D:5      | Found a transporter.
  4674 | D:5      | Noticed Sweeb's ghost (novice OpGl)
  4742 | D:5      | Noticed Sigmund
  4747 | D:5      | Killed Sigmund
  5032 | D:5      | Reached skill level 7 in Earth Magic
  5331 | D:5      | Reached skill level 5 in Spellcasting
  5535 | D:5      | Mangled by Sweeb's ghost

Illustrated notes

Levels and vault maps discovered:
D:1:      ldierk_water_garden, layout_basic, minmay_misc_feat_nine_boxes,
          minmay_heptomino_h4
D:2:      layout_basic, chequers_ecumenical_altar_island, uniq_terence
D:3:      minmay_chambers_of_threes, layout_basic, serial_bayou_lagoon_a,
          uniq_grinder, uniq_robin
D:4:      layout_loops_ring, uniq_duvessa
D:5:      layout_loops_cross, gammafunk_ghost_gnarly_gnolls,
          minmay_misc_feat_plants, nicolae_dithmenos_the_darkroom, uniq_sigmund

Skill      XL: |  1  2  3  4  5  6  7  8 |
---------------+-------------------------+-----
Earth Magic    | 4 5 6 7 |  7.1
Dodging        | 2 3 |  3.3
Maces & Flails | 1 2 3 4 |  4.2
Spellcasting   | 3 4 5 |  5.1
Fighting       | 1 2 |  2.2
Stealth        | 3 4 |  4.6
Conjurations   | 1 2 |  2.9
Unarmed Combat | |  0.4
Transmutations | |  0.7

Action                   |  1- 3 |  4- 6 |  7- 9 || total
-------------------------+-------+-------+-------++-------
Melee: Unarmed           |    14 |       |       ||    14
       Club              |    28 |       |       ||    28
       Whip              |    16 |       |       ||    16
       Mace              |    11 |     5 |       ||    16
       Flail             |       |    76 |   110 ||   186
Throw: Stone             |     1 |       |       ||     1
 Cast: Sandblast         |    35 |    51 |    79 ||   165
       Stone Arrow       |       |       |     7 ||     7
  Use: Scroll            |     4 |     3 |       ||     7
       Potion            |       |       |     1 ||     1
 Stab: Sleeping          |     3 |     3 |     1 ||     7
Armor: Robe              |    21 |    26 |    69 ||   116
Dodge: Dodged            |    50 |    60 |   149 ||   259

Table legend: (Time is in decaauts)
 A = Elapsed time spent in this place.
 B = Non-inter-level travel time spent in this place.
 C = Inter-level travel time spent in this place.
 D = Time resting spent in this place.
 E = Time spent auto-exploring this place.
 F = Levels seen in this place.
 G = Mean time per level.
                   A        B        C        D        E       F      G
               +--------+--------+--------+--------+--------+-----+--------+
         Total |   5614 |   5371 |    243 |   1055 |   2819 |   5 | 1122.8 |
       Dungeon |   5614 |   5371 |    243 |   1055 |   2819 |   5 | 1122.8 |
               +--------+--------+--------+--------+--------+-----+--------+

Top non-repeatable levels by time:
     D:3: 1370 daAuts
     D:5: 1100 daAuts
     D:1: 1097 daAuts
     D:2: 1051 daAuts
     D:4: 994 daAuts
